 Dungeon Crawl Stone Soup version 0.31-a0-255-g9c3d1c461a (webtiles) character file.

Game seed: 3769491053282554827

82 qw the Shooter (level 4, -2/36 HPs)
             Began as a Minotaur Hexslinger on July 12, 2023.
             Slain by a gnoll
             ... wielding a +0 flail
              (10 damage)
             ... on level 2 of the Dungeon.
             The game lasted 00:00:33 (1705 turns).

qw the Shooter (Minotaur Hexslinger)                Turns: 1705, Time: 00:00:34

Health: -2/36      AC:  6    Str: 13    XL:     4   Next: 21%
Magic:  0/4        EV: 11    Int: 10    God:
Gold:   128        SH:  0    Dex: 14    Spells: 4/5 levels left

rFire   . . .        Y - +1 sling (flame)
rCold   . . .        (no shield)
rNeg    . . .        f - +0 ring mail
rPois   .            (helmet restricted)
rElec   .            (no cloak)
rCorr   .            i - +0 pair of gloves
SInv    .            (no boots)
Will    .....        d - amulet of guardian spirit
Stlth   +            (no ring)
HPRegen 0.26/turn    (no ring)
MPRegen 0.09/turn

%: guardian spirit
@: no status effects
A: horns 2, retaliatory headbutt
a: no special abilities


You were on level 2 of the Dungeon.
You visited 1 branch of the dungeon, and saw 3 of its levels.

You collected 128 gold pieces.


Innate Abilities, Weirdness & Mutations

You have a pair of horns on your head.
You reflexively headbutt those who attack you in melee.


   Skills:
 - Level 2.0 Fighting
 + Level 4.5 Ranged Weapons
 - Level 1.1 Armour
 - Level 2.1 Dodging
 - Level 1.0 Spellcasting
 - Level 2.0 Hexes


You had 4 spell levels left.
You knew the following spells:

 Your Spells              Type           Power      Damage    Failure   Level
a - Slow                  Hex            16%        N/A       32%         1

Your spell library contained the following spells:

 Spells                   Type           Power      Damage    Failure   Level
 Inner Flame              Hex/Fire       2%         N/A       82%         3
 Portal Projectile        Hex/Tloc       4%         N/A       82%         3
 Cause Fear               Hex            2%         N/A       97%         4

Inventory:

Hand Weapons
 Y - a +1 sling of flaming (weapon)
Armour
 f - a +0 ring mail (worn)
 i - a +0 pair of gloves (worn)
Jewellery
 d - an amulet of guardian spirit (around neck)
Scrolls
 e - a scroll of identify
Potions
 b - a potion of lignification {unknown}
 h - a potion of haste

Dungeon Overview and Level Annotations

Branches:
Dungeon (3/15)

Altars:

Shops:
D:2 ![

Annotations:
D:2 2 transporters


Message History

Enter note:
Enter note:
Enter note:
Enter note:
Enter note:
Enter note:
Enter note:
Enter note:
Enter note:
Enter note:
Enter note:
Enter note:
Enter note:
Enter note:
Enter note:
Enter note:
Enter note:
Enter note: You shoot a sling bullet.
The sling bullet hits the gnoll.
The sling bullet burns the gnoll.
The gnoll is severely wounded.
The gnoll hits you with a +0 flail. The gnoll closely misses you.
The gnoll hits you but does no damage. The gnoll closely misses you.
You shoot a sling bullet.
The sling bullet closely misses the gnoll.
The gnoll hits you with a +0 flail! The gnoll closely misses you.
You furiously retaliate!
You headbutt the gnoll!
You kill the gnoll!
You shoot a sling bullet.
The sling bullet barely misses the gnoll.
The gnoll hits you with a +0 flail.
You shoot a sling bullet. The sling bullet hits the gnoll.
The sling bullet burns the gnoll.
The gnoll is heavily wounded.
The gnoll hits you with a +0 flail! The gnoll hits you but does no damage.
You shoot a sling bullet.
The sling bullet hits the gnoll but does no damage.
The gnoll is heavily wounded.
The gnoll hits you with a +0 flail!
You die...

............# #...#....#.......#
............# #...##...#.......#
...#........####...##...#.......#
...##.....####..................#
...#........##.....#...###.######
...#........##.....#...###.......
...#....^...##....##.............
...#.....#.......).#.............
................@.............)\.
................g....##..........
###.........####.........#.......
###.........## #.###.###.#.......
###.........## #.# #.##..........
###.........## #.# #.##.........#
###.........## #.# #.##.#######.#
###.........## #.# #....#.......#
############## #.# ##############


You could see a gnoll.

Vanquished Creatures
  Jessica (D:2)
  An adder (D:2)
  A gnoll (D:2)
  A worm (D:2)
  A dart slug (D:1)
  2 endoplasms (D:2)
  A giant cockroach (D:1)
  4 goblins (D:1)
  A hobgoblin (D:1)
  2 jackals (D:1)
  2 kobolds
  A quokka (D:2)
  4 ball pythons
  4 bats
  6 frilled lizards
  A rat (D:2)
33 creatures vanquished.

Notes
Turn   | Place    | Note
-------+----------+-------------------------------------------
     0 | D:1      | qw the Minotaur Hexslinger began the quest for the Orb.
     0 | D:1      | Reached XP level 1. HP: 16/16 MP: 1/1
     0 | D:1      | 0 ||| qw: Version: 0.3-a-52-g30416fa
     0 | D:1      | 0 ||| qw: Game counter: 6717
     0 | D:1      | 0 ||| qw: Melee chars always use a shield: true
     0 | D:1      | 0 ||| qw: God list: Okawaru
     0 | D:1      | 0 ||| qw: Allow faded altars: false
     0 | D:1      | 0 ||| qw: Do Orc after clearing Dungeon:15 true
     0 | D:1      | 0 ||| qw: Do second Lair branch before Depths: true
     0 | D:1      | 0 ||| qw: Lair rune preference: random
     0 | D:1      | 0 ||| qw: Goals: Normal
     0 | D:1      | 0 ||| PLANNING D:1-11
   305 | D:1      | Reached skill level 3 in Ranged Weapons
   306 | D:1      | Reached XP level 2. HP: 23/23 MP: 2/2
   528 | D:1      | Found a faded altar of an unknown god.
   759 | D:1      | 759 ||| UPGRADING to +0 ring mail.
   769 | D:1      | 769 ||| DROPPING +0 robe.
   770 | D:1      | 770 ||| UPGRADING to +0 pair of gloves.
   775 | D:1      | 775 ||| READING scroll labelled SAMIUM JUOBB.
   776 | D:1      | 776 ||| READING 2 scrolls labelled VACEEK JELU.
   777 | D:1      | 777 ||| READING scroll labelled PEIVUO MIDUZI.
   778 | D:1      | 778 ||| DRINKING 2 fuming inky potions.
   779 | D:1      | 779 ||| DROPPING scroll of poison.
   857 | D:2      | Reached XP level 3. HP: 29/29 MP: 3/3
   866 | D:2      | Noticed Jessica
   868 | D:2      | Killed Jessica
   869 | D:2      | Reached skill level 4 in Ranged Weapons
   875 | D:2      | Reached skill level 1 in Armour
   996 | D:2      | Reached XP level 4. HP: 36/36 MP: 4/4
  1245 | D:2      | Found a transporter.
  1248 | D:2      | Found Hiunul's Antique Armour Shoppe.
  1257 | D:2      | 1257 ||| SHOPLISTING glowing ring mail (147 gold, have
                  | 128).
  1257 | D:2      | 1257 ||| SHOPLISTING slimy ring mail (189 gold, have 128).
  1292 | D:2      | Found a transporter.
  1294 | D:2      | Found Duotaer's Distillery.
  1676 | D:2      | 1676 ||| UPGRADING to amulet of guardian spirit.
  1681 | D:2      | 1681 ||| READING scroll labelled UPLOQOI LOAGO.
  1682 | D:2      | 1682 ||| READING scroll labelled FIOCWE KAYCWOI.
  1699 | D:3      | 1699 ||| STAIRDANCE
  1704 | D:2      | HP: 8/36 [gnoll/+0 flail (8)]
  1705 | D:2      | Slain by a gnoll

Levels and vault maps discovered:
D:1:      wander_arrival_peaceful_grave, layout_loops_cross,
          shapermc_ecumenical_altar_rom_forum, minmay_fountain_box,
          grunt_decor_mini_mirrors, dk_noncrumbling_3
D:2:      layout_basic, serial_shops, shop, nicolae_shop_drivethru,
          glass_columns_c, uniq_jessica
D:3:      layout_basic, trog_three_pillars_becter, vehumet_altar_wand_db,
          uniq_crazy_yiuf_cottage

Skill      XL: |  1  2  3 |
---------------+----------+-----
Ranged Weapons | 3 4 |  4.5
Fighting       | 2 |  2.0
Armour         | 1 |  1.1
Dodging        | |  2.1
Spellcasting   | |  1.0
Hexes          | |  2.0

Action                     |  1- 3 |  4- 6 || total
---------------------------+-------+-------++-------
   Fire: Sling             |    83 |    16 ||    99
    Use: Scroll            |     3 |     2 ||     5
         Potion            |     1 |       ||     1
 Armour: Robe              |     5 |       ||     5
         Ring mail         |     2 |     2 ||     4
  Dodge: Dodged            |    26 |     5 ||    31

Table legend:
 A = Non-vault XP
 B = Vault XP
 C = Vault XP percentage of total XP
 D = Non-vault monster count
 E = Vault monster count
 F = Vault count percentage of total count
                 A         B        C        D         E       F
            +---------+---------+-------+---------+---------+-------
      Total |      81 |      37 |  31.4 |      32 |       1 |   3.0
            +---------+---------+-------+---------+---------+-------
        D:1 |      33 |       0 |   0.0 |      20 |       0 |   0.0
        D:2 |      48 |      37 |  43.5 |      12 |       1 |   7.7
            +---------+---------+-------+---------+---------+-------
